 Dungeon Crawl Stone Soup version 0.27.1-3-gb3d3a73c9e (webtiles) character file.

Game seed: 16019077570828835463

4216 bnorton916 the Geomancer (level 10, -1/50 HPs)
             Began as a Deep Elf Conjurer on Oct 16, 2021.
             Was a Believer of Vehumet.
             Slain by a boulder beetle (12 damage)
             ... on level 8 of the Dungeon.
             The game lasted 00:19:01 (12585 turns).

bnorton916 the Geomancer (Deep Elf Conjurer)       Turns: 12585, Time: 00:19:02

Health: -1/50      AC:  6    Str:  5    XL:     10   Next: 9%
Magic:  2/30       EV: 12    Int: 26    God:    Vehumet [**....]
Gold:   277        SH:  0    Dex: 13    Spells: 9/21 levels left

rFire    . . .     SeeInvis .   n - +2 short sword (venom)
rCold    . . .     Faith    .   (no shield)
rNeg     . . .     Spirit   .   E - +1 leather armour of Tirir {MP+9 Slay+2}
rPois    +         Reflect  .   g - +0 helmet
rElec    .         Harm     .   (no cloak)
rCorr    .         Rampage  .   (no gloves)
Will     +....                  v - +0 pair of boots
Stlth    ++........             (no amulet)
HPRegen  0.16/turn              e - ring of poison resistance
MPRegen  0.22/turn              (no ring)

@: no status effects
A: no striking features
a: Renounce Religion


You were on level 8 of the Dungeon.
You worshipped Vehumet.
Vehumet was pleased with you.
You visited 2 branches of the dungeon, and saw 9 of its levels.
You also visited: Ossuary.

You collected 687 gold pieces.
You spent 410 gold pieces at shops.

Inventory:

Hand Weapons
 a - a +0 broad axe of draining
 n - a +2 short sword of venom (weapon)
 x - a +2 dagger of holy wrath
 C - a +0 bardiche of protection
Missiles
 o - a throwing net
 t - 62 stones
Armour
 g - a +0 helmet (worn)
 v - a +0 pair of boots (worn)
 E - the +1 leather armour of Tirir (worn) {MP+9 Slay+2}
   (You took it off an orc on level 4 of the Dungeon)

   Slay:      It affects your accuracy & damage with ranged weapons and melee
   (+2).
   MP:        It affects your magic capacity (+9).
 F - the +1 ring mail "Caytuj" {Int+3}
   (You found it on level 7 of the Dungeon)

   Int:       It affects your intelligence (+3).
 G - +0 steam dragon scales
Magical Staves
 c - a staff of death
Jewellery
 e - a ring of poison resistance (left hand)
 q - a ring of fire
 H - a +6 ring of dexterity
Wands
 b - a wand of paralysis (8)
 u - a wand of charming (11)
 A - a wand of polymorph (7)
 D - a wand of flame (20)
Scrolls
 f - a scroll of magic mapping
 h - 5 scrolls of teleportation
 j - 2 scrolls of immolation
 w - 2 scrolls of enchant armour {unknown}
 y - a scroll of vulnerability {unknown}
 B - a scroll of identify
Potions
 d - a potion of curing
 i - 2 potions of flight
 k - 5 potions of invisibility
 l - 2 potions of magic
 m - 2 potions of haste
 p - 3 potions of brilliance
 r - a potion of attraction
 s - 3 potions of heal wounds
 z - a potion of berserk rage {unknown}
 I - a potion of cancellation {unknown}


   Skills:
 - Level 4.0 Armour
 + Level 3.8 Dodging
 - Level 2.4 Stealth
 - Level 6.3 Spellcasting
 - Level 6.4 Conjurations
 - Level 6.0 Hexes
 - Level 5.4 Necromancy
 - Level 6.7 Translocations
 - Level 8.5 Earth Magic


You had 9 spell levels left.
You knew the following spells:

 Your Spells              Type           Power      Damage    Failure   Level
a - Magic Dart            Conj           100%       1d8       1%          1
b - Searing Ray           Conj           82%        3d6       1%          2
c - Fulminant Prism       Conj/Hex       20%        3d13      9%          4
d - Iskenderun's Mystic   Conj/Tloc      42%        2d10      7%          4
e - Sandblast             Erth           100%       2d20      1%          1

Your spell library contained the following spells:

 Spells                   Type           Power      Damage    Failure   Level
 Static Discharge         Conj/Air       25%        N/A       4%          2
 Sublimation of Blood     Necr           18%        N/A       1%          2
 Gell's Gravitas          Tloc           21%        N/A       1%          3
 Teleport Other           Tloc           43%        N/A       1%          3
 Passwall                 Tmut/Erth      25%        N/A       2%          2
 Dazzling Flash           Conj/Hex       80%        N/A       2%          3
 Inner Flame              Hex/Fire       23%        N/A       9%          3
 Cause Fear               Hex            19%        N/A       9%          4
 Lee's Rapid Deconstruct  Erth           25%        3d15*     9%          5
 Freeze                   Ice            32%        1d5       11%         1
 Sting                    Tmut/Pois      32%        1d4       11%         1
 Summon Small Mammal      Summ           32%        N/A       11%         1
 Petrify                  Tmut/Erth      30%        N/A       19%         4
 Irradiate                Conj/Tmut      12%        3d17      61%         5
 Dispersal                Tloc           21%        N/A       69%         6
 Discord                  Hex            19%        N/A       100%        8


Dungeon Overview and Level Annotations

Branches:
Dungeon (8/15)             Temple (1/1) D:5         Ossuary (visited)
   Lair: D:8-11

Altars:
Ashenzari
Dithmenos
Elyvilon
Gozag
Hepliaklqana
Kikubaaqudgha
Makhleb
Okawaru
Qazlal
Trog
Uskayaw
Vehumet
Wu Jian
Yredelemnul

Shops:
D:3 !   D:6 *   D:7 (


Message History

The boulder beetle leaps!
You finish channeling your searing ray.
Unknown command.
Casting: Searing Ray (safe; 1% risk of failure)
Confirm with . or Enter, or press ? or * to list all spells.
Aiming: Searing Ray (safe; 1% risk of failure)
Press: ? - help, Shift-Dir - straight line, f/p - boulder beetle
Aim: a boulder beetle (lightly wounded, 100% to hit)
The searing ray hits the boulder beetle.
The boulder beetle is lightly wounded. (Press . to maintain the ray.) Unknown command.
The searing ray hits the boulder beetle but does no damage.
The boulder beetle is lightly wounded.
The searing ray hits the boulder beetle.
The boulder beetle is lightly wounded.
The boulder beetle bites you!!
The searing ray hits the boulder beetle.
The boulder beetle is lightly wounded.
You finish channeling your searing ray.
The boulder beetle bites you.
Unknown command.
Casting: Searing Ray (safe; 1% risk of failure)
Confirm with . or Enter, or press ? or * to list all spells.
You erupt in a blast of force!
The mystic blast hits the boulder beetle but does no damage.
The boulder beetle is lightly wounded.
The boulder beetle bites you!
* * * LOW HITPOINT WARNING * * *
Casting: Iskenderun's Mystic Blast (dangerous; 7% risk of failure)
Confirm with . or Enter, or press ? or * to list all spells.
You erupt in a blast of force!
The mystic blast hits the boulder beetle but does no damage.
The boulder beetle is lightly wounded.
The boulder beetle closely misses you.
Unknown command.
Casting: Iskenderun's Mystic Blast (dangerous; 7% risk of failure)
Confirm with . or Enter, or press ? or * to list all spells.
You don't have enough magic to cast this spell.
The boulder beetle bites you!
You die...

### ### ### #.#####B### ..#
#.○°○.....#
##########.######.#####.###
........#.#@B....# #.#
#..##.#.############.###
#.....†.)†.†.B.........#
#.####)##.#.################
#..........[####
≈..#######......#####
#..........# #.####.###.#
#.# #.# #.#


You could see a boulder beetle.

Vanquished Creatures
  Maggie (D:7)
  2 humans (D:7)
  A steam dragon (D:8)
  4 orc warriors
  2 hornet zombies (D:7)
  2 ice beasts
  3 necrophages
  A sky beast (D:7)
  An ogre (D:3)
  A wolf (D:8)
  A centaur (D:8)
  An elf zombie (Ossuary)
  3 bullfrogs
  4 scorpions
  A water moccasin skeleton (D:5)
  9 killer bees (D:8)
  An electric eel (D:8)
  5 wights
  2 bullfrog zombies (D:6)
  2 centaur zombies (Ossuary)
  2 orc priests
  3 jellies
  A hound (D:8)
  2 iguanas
  14 orc wizards
  2 hound skeletons (D:5)
  2 mummies (Ossuary)
  A howler monkey zombie (D:7)
  4 gnolls (D:3)
  11 adders
  2 shadow imps
  An adder skeleton (D:5)
  2 worms
  5 dart slugs
  22 orcs
  5 bats
  4 endoplasms
  2 giant cockroaches
  4 gnoll zombies (Ossuary)
  5 goblins
  8 hobgoblins
  3 jackals (D:2)
  2 quokkas (D:2)
  9 ball pythons
  4 frilled lizards
  3 goblin zombies (Ossuary)
  2 hobgoblin zombies (Ossuary)
  7 kobolds
  2 orc zombies (Ossuary)
  5 rats
186 creatures vanquished.

Vanquished Creatures (others)
  15 fulminant prisms
  A plant (D:4)
16 creatures vanquished.

Grand Total: 202 creatures vanquished

Notes
Turn   | Place    | Note
-------+----------+-------------------------------------------
     0 | D:1      | bnorton916 the Deep Elf Conjurer began the quest for the
                  | Orb.
     0 | D:1      | Reached XP level 1. HP: 10/10 MP: 6/6
   192 | D:1      | Reached XP level 2. HP: 15/15 MP: 4/8
  1080 | D:1      | Learned a level 2 spell: Searing Ray
  1090 | D:2      | Reached skill level 5 in Conjurations
  1090 | D:2      | Reached XP level 3. HP: 19/19 MP: 6/10
  1904 | D:2      | Reached XP level 4. HP: 19/24 MP: 8/12
  2064 | D:2      | Reached skill level 5 in Spellcasting
  2488 | D:3      | Noticed an ogre
  2491 | D:3      | Reached XP level 5. HP: 28/28 MP: 7/14
  2494 | D:3      | Killed an ogre
  2733 | D:3      | Reached XP level 6. HP: 32/32 MP: 13/17
  2947 | D:2      | Learned a level 4 spell: Fulminant Prism
  2952 | D:2      | Learned a level 4 spell: Iskenderun's Mystic Blast
  2954 | D:2      | Learned a level 1 spell: Sandblast
  3227 | D:3      | Found Zuceimyj's Distillery.
  3242 | D:3      | Bought a potion of heal wounds for 50 gold pieces
  3242 | D:3      | Bought a potion of brilliance for 40 gold pieces
  3242 | D:3      | Bought a potion of degeneration for 10 gold pieces
  3420 | D:3      | Reached skill level 1 in Hexes
  3714 | D:4      | Got First Steps in Spellcasting
  3736 | D:4      | Reached skill level 1 in Necromancy
  3736 | D:4      | Reached skill level 1 in Earth Magic
  3973 | D:4      | Identified the +1 leather armour of Tirir {MP+9 Slay+2}
  4029 | D:4      | Reached skill level 2 in Earth Magic
  4029 | D:4      | Reached XP level 7. HP: 36/36 MP: 7/18
  5183 | D:5      | Entered Level 5 of the Dungeon
  5409 | D:5      | Found a staircase to the Ecumenical Temple.
  5414 | Temple   | Entered the Ecumenical Temple
  5436 | Temple   | Became a worshipper of Vehumet
  5496 | D:5      | Found a sand-covered staircase.
  5501 | Ossuary  | Entered an ossuary
  5735 | Ossuary  | Reached skill level 3 in Earth Magic
  6838 | D:5      | Reached skill level 5 in Hexes
  6838 | D:5      | Reached skill level 4 in Earth Magic
  7565 | D:5      | Reached XP level 8. HP: 41/41 MP: 11/19
  7671 | D:5      | Reached skill level 5 in Necromancy
  8520 | D:6      | Found Tilaaq's Assorted Antiques.
  8533 | D:6      | Reached skill level 1 in Translocations
  8533 | D:6      | Reached skill level 5 in Earth Magic
  8567 | D:6      | Bought a potion of curing for 93 gold pieces
  8567 | D:6      | Bought a potion of heal wounds for 155 gold pieces
  8567 | D:6      | Bought a scroll labelled RUTHIX ECOUWAVI for 31 gold pieces
  8567 | D:6      | Bought a scroll labelled USCHIR QAIXURGH for 31 gold pieces
  8621 | D:6      | Reached * piety under Vehumet
  8621 | D:6      | Offered knowledge of Shock by Vehumet.
  8924 | D:6      | Found an ornate altar of the Wu Jian Council.
  8988 | D:6      | Reached skill level 6 in Earth Magic
  9845 | D:7      | Found Aryvuneb's Antique Weapon Shoppe.
  9853 | D:7      | Reached skill level 1 in Armour
  9853 | D:7      | Reached XP level 9. HP: 14/45 MP: 12/20
 10174 | D:7      | Identified the +1 ring mail "Caytuj" {Int+3}
 10229 | D:7      | Noticed Maggie
 10236 | D:7      | Killed Maggie
 10591 | D:7      | Reached skill level 7 in Earth Magic
 10737 | D:7      | Reached skill level 5 in Translocations
 11009 | D:7      | Found a basalt altar of Yredelemnul.
 11445 | D:7      | Found an iron altar of Okawaru.
 11800 | D:7      | Reached skill level 8 in Earth Magic
 11817 | D:7      | Offered knowledge of Static Discharge by Vehumet.
 12328 | D:8      | Reached ** piety under Vehumet
 12463 | D:8      | Reached XP level 10. HP: 50/50 MP: 18/21
 12527 | D:8      | Noticed a boulder beetle
 12585 | D:8      | Slain by a boulder beetle

Illustrated notes

Levels and vault maps discovered:
D:1:      dpeg_arrival_pits, layout_loops_ring
D:2:      layout_basic, minmay_snake_closets
D:3:      layout_basic, serial_shops, nicolae_square_shop,
          grunt_decor_mini_mirrors
D:4:      layout_rooms, serial_forest, infiniplex_forest_lined_corner,
          infiniplex_forest_3_way, infiniplex_forest_clump_double,
          infiniplex_forest_lined_3, infiniplex_forest_clump_curved,
          infiniplex_forest_lined_corner
D:5:      layout_layer_cave, temple_doors_e, enter_ossuary_2,
          hangedman_minor_gate_pass
D:6:      layout_rooms, mainiacjoe_overflow_small_starburst, serial_shops,
          nicolae_shop_window_shopping, nicolae_sextant, minmay_microvault
D:7:      layout_cave_pods, lemuel_zombie_altar_yredelemnul, okawaru_humans,
          nicolae_stop_n_shop_2, chequers_serial_rivers_small_b,
          mrwooster_statue_mirror, uniq_maggie
D:8:      layout_basic, erik_lair_island, serial_rivers,
          chequers_serial_rivers_micro_e, chequers_serial_rivers_large_a,
          chequers_serial_rivers_marsh, chequers_serial_rivers_micro_c,
          chequers_serial_rivers_large_b, chequers_serial_rivers_small_a
Temple:   regret_index_temple_mists

Skill      XL: |  1  2  3  4  5  6  7  8  9 10 |
---------------+-------------------------------+-----
Spellcasting   | 4 5 6 |  6.3
Conjurations   | 5 6 |  6.4
Hexes          | 3 5 6 |  6.0
Necromancy     | 2 4 5 |  5.4
Earth Magic    | 2 4 6 8 |  8.5
Translocations | 4 6 |  6.7
Armour         | 1 4 |  4.0
Dodging        | 3 |  3.8
Stealth        | |  2.4

Action                   |  1- 3 |  4- 6 |  7- 9 | 10-12 || total
-------------------------+-------+-------+-------+-------++-------
Melee: Short sword       |       |       |    19 |       ||    19
 Cast: Magic Dart        |    77 |    81 |    70 |     1 ||   229
       Searing Ray       |     6 |    10 |    31 |     4 ||    51
       Sandblast         |       |       |    73 |     4 ||    77
       Iskenderun's Myst |       |       |     5 |     3 ||     8
       Fulminant Prism   |       |       |    13 |     2 ||    15
  Use: Scroll            |       |       |    12 |       ||    12
       Potion            |       |       |     1 |       ||     1
Armor: Robe              |       |       |    15 |       ||    15
       Steam dragon scal |       |       |     5 |       ||     5
       Leather armour    |       |       |       |     4 ||     4
Dodge: Dodged            |     7 |     7 |    46 |     8 ||    68
